 Dungeon Crawl Stone Soup version 0.24.0-13-gcf9b319 (webtiles) character file.

Game seed: 1111338806447375734, levelgen mode: deterministic

324 Balder the Shield-Bearer (level 6, -4/48 HPs)
             Began as a Human Fighter on Apr 23, 2020.
             Slain by an ogre
             ... wielding a +0 giant club
              (14 damage)
             ... on level 4 of the Dungeon.
             The game lasted 00:09:58 (2346 turns).

Balder the Shield-Bearer (Human Fighter)            Turns: 2346, Time: 00:09:58

Health: -4/48      AC: 11    Str: 18    XL:     6   Next: 78%
Magic:  6/6        EV:  5    Int: 14    God:
Gold:   152        SH:  9    Dex: 12    Spells: 5/5 levels left

rFire    . . .     SeeInvis .   a - +0 flail
rCold    . . .     Gourm    .   c - +0 shield
rNeg     . . .     Faith    .   m - +0 chain mail
rPois    .         Spirit   .   (no helmet)
rElec    .         Reflect  .   v - +0 cloak
rCorr    .         Harm     .   (no gloves)
MR       .....                  q - +0 pair of boots
Stlth    ..........             (no amulet)
HPRegen  0.16/turn              (no ring)
MPRegen  0.10/turn              (no ring)

@: brilliant, about to teleport
A: no striking features
a: no special abilities


You were on level 4 of the Dungeon.
You were not hungry.

You visited 1 branch of the dungeon, and saw 4 of its levels.

You collected 152 gold pieces.

Inventory:

Hand Weapons
 a - a +0 flail (weapon)
 l - a +0 hunting sling
Missiles
 o - 19 poisoned darts
 r - 7 boomerangs (quivered)
Armour
 c - a +0 shield (worn)
 m - a +0 chain mail (worn)
 q - a +0 pair of boots (worn)
 v - a +0 cloak (worn)
Scrolls
 e - a scroll of remove curse {unknown}
 h - 2 scrolls of teleportation
 s - a scroll of fear {unknown}
 t - a scroll of enchant weapon {unknown}
Potions
 b - 2 potions of brilliance
 g - 2 potions of curing
 i - a potion of flight
 j - a potion of magic {unknown}
 k - a potion of resistance {unknown}
 n - 2 potions of berserk rage {unknown}
 p - a potion of degeneration {unknown}
 u - a potion of haste {unknown}
Comestibles
 f - a ration


   Skills:
 * Level 3.8 Fighting
 * Level 3.8 Maces & Flails
 * Level 1.7 Throwing
 * Level 3.8 Armour
 * Level 1.5 Dodging
 * Level 1.7 Stealth
 * Level 3.8 Shields


You had 5 spell levels left.
You didn't know any spells.
Your spell library contained the following spells:

 Spells                   Type           Power        Failure   Level  Hunger
 Summon Small Mammal      Summ           #...         75%         1    ##.....
 Call Imp                 Summ           #.......     86%         2    ###....
 Call Canine Familiar     Summ           #.......     96%         3    ####...
 Summon Guardian Golem    Hex/Summ       #.......     96%         3    ####...
 Summon Ice Beast         Ice/Summ       #.......     100%        4    #####..
 Summon Lightning Spire   Summ/Air       #.......     100%        4    #####..


Dungeon Overview and Level Annotations

Branches:
Dungeon (4/15)
 Temple: D:4-7

Altars:
Fedhas
Kikubaaqudgha
Xom


Message History

You hit the ogre.
The ogre is lightly wounded.
The ogre hits you with a cursed -3 giant club.
You hit the ogre but do no damage.
The ogre is almost dead.
You block the ogre's attack. x2
You hear the slow rusting of a distant drain.
You open the door. You block the ogre's attack.
The ogre hits you with a +0 giant club!!
* * * LOW HITPOINT WARNING * * *
A hound comes into view.
There is an open door here.
The hound barks!
As you read the scroll labeled GENTUFFIAHU, it crumbles to dust.
You feel strangely unstable.
It was a scroll of teleportation.
The hound bites you but does no damage. You block the ogre's attack.
You block the hound's attack.
It was a potion of curing.
You feel better. You block the hound's attack.
The ogre hits you with a +0 giant club!
You die...

###############
..............##############
..............#O@.#.<......#
..............'O.h#........#
≈≈≈...........#...'........#
≈≈≈≈≈.........##'###.......#
≈≈≈≈≈≈.............#.......#
≈≈≈≈≈≈≈...##≈≈≈≈...#.......#
P<.≈≈≈≈...+.≈≈≈≈...#.......#
.P..≈≈≈≈.O#.≈≈≈≈≈..#.......#
P_.P≈≈≈≈..##≈≈≈≈≈..#..<....


You could see 2 ogres and a hound.

Vanquished Creatures
  Sigmund (D:2)
  Jessica (D:2)
  A howler monkey skeleton (D:4)
  4 adders
  2 oozes (D:2)
  3 worms
  3 dart slugs
  A leopard gecko (D:3)
  6 orcs
  6 giant cockroaches
  6 goblins
  4 hobgoblins
  7 kobolds
  A quokka (D:2)
  2 ball pythons
  10 bats
  5 frilled lizards
  7 rats
70 creatures vanquished.

Vanquished Creatures (others)
  A human (D:3)
1 creature vanquished.

Grand Total: 71 creatures vanquished

Notes
Turn   | Place    | Note
-------+----------+-------------------------------------------
     0 | D:1      | Balder the Human Fighter began the quest for the Orb.
     0 | D:1      | Reached XP level 1. HP: 18/18 MP: 1/1
   128 | D:1      | Reached XP level 2. HP: 24/24 MP: 2/2
   587 | D:2      | Reached XP level 3. HP: 29/29 MP: 3/3
   834 | D:2      | Noticed Jessica
   851 | D:2      | Killed Jessica
   851 | D:2      | Reached XP level 4. HP: 33/35 MP: 4/4
   891 | D:2      | Noticed Sigmund
   919 | D:2      | Killed Sigmund
   919 | D:2      | Reached skill level 1 in Throwing
   919 | D:2      | Reached skill level 1 in Dodging
   919 | D:2      | Reached skill level 1 in Stealth
   919 | D:2      | Reached XP level 5. HP: 10/41 MP: 5/5
   919 | D:2      | Reached XP level 6. HP: 12/47 MP: 6/6
  1368 | D:2      | Found a shimmering altar of Xom.
  2025 | D:3      | Found an ancient bone altar of Kikubaaqudgha.
  2038 | D:3      | Noticed a human
  2038 | D:3      | Killed a human
  2276 | D:4      | Found a blossoming altar of Fedhas.
  2309 | D:4      | Noticed an ogre
  2310 | D:4      | Noticed an ogre
  2346 | D:4      | Slain by an ogre

Levels and vault maps discovered:
D:1:      wander_arrival_desolate, layout_rooms
D:2:      layout_basic, xom_teletrap_fun, first_ration, uniq_sigmund,
          uniq_jessica
D:3:      layout_rooms, tgw_kikubaaqudgha
D:4:      wander_river, layout_gridville, old_standard_altar, kennysheep_mini,
          fedhas_ov_isle_minmay, lemuel_coloured_pillars_altar,
          minmay_overflow_temple_star_quad, portal_sewer_entry_f, uniq_eustachio

Skill      XL: |  1  2  3  4 |
---------------+-------------+-----
Maces & Flails | 3 |  3.8
Throwing       | 1 |  1.7
Dodging        | 1 |  1.5
Stealth        | 1 |  1.7
Fighting       | |  3.8
Armour         | |  3.8
Shields        | |  3.8

Action                   |  1- 3 |  4- 6 || total
-------------------------+-------+-------++-------
Melee: Flail             |    92 |   178 ||   270
Throw: Dart              |       |     1 ||     1
  Use: Potion            |     1 |     3 ||     4
       Scroll            |       |     1 ||     1
  Eat: Ration            |       |     2 ||     2
       Chunk             |       |     1 ||     1
Armor: Scale mail        |    41 |       ||    41
       Chain mail        |    18 |   104 ||   122
Dodge: Dodged            |    27 |    34 ||    61
Block: Shield            |    34 |   107 ||   141
